 Dungeon Crawl Stone Soup version 0.24.0-123-gd5b16e6ec5 (webtiles) character file.

Game seed: 14567846948708874077, levelgen mode: deterministic

67 Hasart the Digger (level 3, 0/24 HPs)
             Began as a Vampire Earth Elementalist on Jan 14, 2020.
             Slain by a goblin (4 damage)
             ... led by Robin
             ... on level 2 of the Dungeon.
             The game lasted 00:03:23 (1310 turns).

Hasart the Digger (Vampire Earth Elementalist)      Turns: 1310, Time: 00:03:23

Health: 0/24       AC:  2    Str:  7    XL:     3   Next: 98%
Magic:  0/6        EV: 13    Int: 18    God:
Gold:   21         SH:  0    Dex: 14    Spells: 3/7 levels left

rFire    . . .     SeeInvis +   g - +0 dagger
rCold    . . .     Gourm    .   (no shield)
rNeg     . . .     Faith    .   c - +0 robe
rPois    .         Spirit   .   (no helmet)
rElec    .         Reflect  .   (no cloak)
rCorr    .         Harm     .   (no gloves)
MR       .....                  (no boots)
Stlth    ++........             (no amulet)
HPRegen  0.28/turn              (no ring)
MPRegen  0.10/turn              (no ring)

@: regenerating quickly
A: no food, fangs 3, see invisible, unbreathing
a: Exsanguinate


You were on level 2 of the Dungeon.
You were alive.

You visited 1 branch of the dungeon, and saw 2 of its levels.

You collected 21 gold pieces.

Inventory:

Hand Weapons
 g - a +0 dagger (weapon)
Missiles
 b - 78 stones (quivered)
Armour
 c - a +0 robe (worn)
Scrolls
 a - a scroll of fog {unknown}
 d - 2 scrolls of identify {unknown}
 h - a scroll of remove curse {unknown}
 i - a scroll of teleportation {unknown}
Potions
 e - a potion of haste {unknown}
 f - a potion of curing {unknown}
 j - a potion of magic {unknown}
 k - a potion of flight {unknown}


   Skills:
 + Level 2.9 Dodging
 - Level 3.0 Stealth
 - Level 0.4 Unarmed Combat
 + Level 2.5 Spellcasting
 * Level 0.2 Conjurations
   Level 1.1 Transmutations
 + Level 4.0 Earth Magic


You had 3 spell levels left.
You knew the following spells:

 Your Spells              Type           Power        Failure   Level  Hunger
a - Sandblast             Erth           ###...       3%          1    N/A
b - Stone Arrow           Conj/Erth      #.....       22%         3    N/A

Your spell library contained the following spells:

 Spells                   Type           Power        Failure   Level  Hunger
 Passwall                 Tmut/Erth      ##......     9%          2    N/A
 Petrify                  Tmut/Erth      ##......     52%         4    N/A
 Lee's Rapid Deconstruct  Erth           ###.......   65%         5    N/A

Dungeon Overview and Level Annotations

Branches:
Dungeon (2/15)

Altars:

Annotations:
D:2 Robin


Innate Abilities, Weirdness & Mutations

You do not eat.
Your natural rate of healing is unusually fast.
You have razor-sharp teeth.
You have supernaturally acute eyesight. (SInv)
You can survive without breathing.


Message History

Casting: Sandblast (safe; 3% risk of failure)
Confirm with . or Enter, or press ? or * to list all spells.
Aiming: Sandblast (safe; 3% risk of failure)
Press: ? - help, Shift-Dir - straight line, f/p - Robin
Aim: Robin, wielding a +0 short sword, wearing a +0 animal skin and wearing a +0 helmet (moderately wounded)
The blast of sand hits Robin!
Robin is severely wounded.
b - 78 stones You hear a shout!
The goblin closely misses you.
Robin roars a battlecry!
You hear a shout!
You hear an angry hiss.
You hit Robin.
Robin is almost dead.
The goblin barely misses you.
Unknown command.
You closely miss Robin.
Robin is almost dead.
The goblin hits you.
You die...

###################
#gg@g.............#
#######g###############.#
......g..# #.# #######..#
#.# #g.######## ##.##
#.......... #....
#####...######. #....
.......g# #.###
.####....# #.#


You could see Robin, a hobgoblin and 3 goblins.

Vanquished Creatures
  2 adders (D:2)
  An ooze (D:1)
  3 leopard geckos
  4 bats
  2 giant cockroaches (D:2)
  4 goblins
  4 hobgoblins
  3 jackals (D:1)
  A ball python (D:2)
  5 frilled lizards
  7 kobolds
  6 rats
42 creatures vanquished.

Notes
Turn   | Place    | Note
-------+----------+-------------------------------------------
     0 | D:1      | Hasart the Vampire Earth Elementalist began the quest for
                  | the Orb.
     0 | D:1      | Reached XP level 1. HP: 13/13 MP: 3/3
   248 | D:1      | Reached XP level 2. HP: 19/19 MP: 5/5
   575 | D:1      | Reached XP level 3. HP: 18/24 MP: 6/6
  1099 | D:2      | Reached skill level 4 in Earth Magic
  1170 | D:2      | Learned a level 3 spell: Stone Arrow
  1280 | D:2      | Noticed Robin
  1310 | D:2      | Slain by a goblin

Levels and vault maps discovered:
D:1:      minmay_arrival_checkered_box, layout_loops_ring,
          chequers_serial_rivers_micro_c, chequers_serial_rivers_large_a
D:2:      layout_loops_ring, lemuel_round_altar, first_ration, uniq_robin

Skill      XL: |  1  2  3 |
---------------+----------+-----
Earth Magic    | 4 |  4.0
Dodging        | |  2.9
Stealth        | |  3.0
Unarmed Combat | |  0.4
Spellcasting   | |  2.5
Conjurations   | |  0.2
Transmutations | |  1.1

Action                   || total
-------------------------++-------
Melee: Unarmed           ||    64
       Bite              ||    15
       Dagger            ||   178
       Punch             ||     1
 Cast: Sandblast         ||    14
 Stab: Sleeping          ||     4
       Distracted        ||     1
Armor: Robe              ||    50
Dodge: Dodged            ||   199
